 Dungeon Crawl Stone Soup version 0.23.2-33-g5129a83184 (webtiles) character file.

Game seed: 9591348475155951591

3375 troglodite the Magician (level 10, -5/77 HPs)
             Began as a Gnoll Skald on July 25, 2019.
             Was an Initiate of Ashenzari.
             Slain by an orc warrior
             ... wielding a +0 war axe
              (18 damage)
             ... in a bailey.
             The game lasted 00:22:19 (7902 turns).

troglodite the Magician (Gnoll Skald)               Turns: 7902, Time: 00:22:20

Health: -5/77      AC: 15    Str: 13    XL:     10   Next: 3%
Magic:  13/20      EV: 15    Int: 26    God:    Ashenzari [......]
Gold:   354        SH:  0    Dex: 19    Spells: 16/23 levels left

rFire    . . .     SeeInvis .   f - +1 dagger (elec)
rCold    + + .     Gourm    .   (no shield)
rNeg     + . .     Faith    .   y - +7 ring mail "Huiffuir" {rC++ rCorr Int+6} (curse)
rPois    .         Spirit   .   s - +0 helmet (curse)
rElec    .         Reflect  .   (no cloak)
rCorr    +         Harm     .   r - +0 pair of gloves
MR       .....     Rnd*Tele +   (no boots)
Stlth    ++........             (no amulet)
HPRegen  1.22/turn              e - ring of positive energy
MPRegen  0.17/turn              b - ring of teleportation (curse)

@: brilliant, regenerating (expiring)
A: distributed training, fangs 1, strong nose
a: Curse Item, Renounce Religion


You were in a bailey.
You worshipped Ashenzari.
Ashenzari was noncommittal.
You were not hungry.

You visited 2 branches of the dungeon, and saw 8 of its levels.
You also visited: Ossuary and Bailey.

You collected 354 gold pieces.

Inventory:

Hand Weapons
 a - a +0 spear
 f - a +1 dagger of electrocution (weapon)
Missiles
 B - 6 javelins (quivered)
Armour
 r - a +0 pair of gloves (worn)
 s - a cursed +0 helmet (worn)
 y - the cursed +7 ring mail "Huiffuir" (worn) {rC++ rCorr Int+6}
   (You found it on level 5 of the Dungeon)

   It affects your intelligence (+6).
   It greatly protects you from cold.
   It provides partial protection from all sources of acid and corrosion.
   It has a curse placed upon it.
Jewellery
 b - a cursed ring of teleportation (right hand)
 e - a ring of positive energy (left hand)
 E - an uncursed ring of protection from magic
Wands
 t - a wand of polymorph (14)
Scrolls
 c - 5 scrolls of immolation {unknown}
 g - 17 scrolls of identify {unknown}
 j - 4 scrolls of blinking {unknown}
 k - 7 scrolls of teleportation {unknown}
 l - 3 scrolls of enchant weapon {unknown}
 o - 4 scrolls of enchant armour {unknown}
 w - a scroll of noise {unknown}
 z - 3 scrolls of magic mapping {unknown}
 C - 2 scrolls of amnesia {unknown}
 D - a scroll of fog {unknown}
Potions
 h - a potion of haste {unknown}
 i - a potion of lignification {unknown}
 m - 3 potions of curing
 n - 2 potions of brilliance
 p - 2 potions of degeneration {unknown}
 q - a potion of cancellation {unknown}
 u - a potion of flight {unknown}
 v - 2 potions of magic {unknown}
 x - 2 potions of heal wounds {unknown}
 A - a potion of mutation {unknown}
 F - a potion of invisibility {unknown}
Comestibles
 d - 12 rations
 G - 5 chunks of flesh


   Skills:
 + Level 6.7 Fighting
 + Level 4.7 Short Blades
 + Level 4.7 Long Blades
 + Level 4.7 Axes
 + Level 4.7 Maces & Flails
 + Level 6.7 Polearms
 + Level 4.7 Staves
 + Level 4.7 Slings
 + Level 4.7 Bows
 + Level 4.7 Crossbows
 + Level 4.7 Throwing
 + Level 5.4 Armour
 + Level 6.7 Dodging
 + Level 4.7 Stealth
 + Level 4.7 Shields
 + Level 4.7 Unarmed Combat
 + Level 7.0 Spellcasting
 + Level 3.9 Conjurations
 + Level 3.9 Hexes
 + Level 6.8 Charms
 + Level 3.9 Summonings
 + Level 3.9 Necromancy
 + Level 3.9 Translocations
 + Level 3.9 Transmutations
 + Level 3.9 Fire Magic
 + Level 3.9 Ice Magic
 + Level 3.9 Air Magic
 + Level 3.9 Earth Magic
 + Level 3.9 Poison Magic
 + Level 5.2 Invocations
 + Level 4.7 Evocations


You had 16 spell levels left.
You knew the following spells:

 Your Spells              Type           Power        Failure   Level  Hunger
a - Infusion              Chrm           ####         1%          1    None
b - Spectral Weapon       Hex/Chrm       ######..     1%          3    None
c - Regeneration          Chrm/Necr      ######....   1%          3    None

Your spell library contained the following spells:

 Spells                   Type           Power        Failure   Level  Hunger
 Shroud of Golubria       Chrm/Tloc      ######....   1%          2    None
 Song of Slaying          Chrm           ######..     1%          2    None


Dungeon Overview and Level Annotations

Branches:
Dungeon (7/15)             Temple (1/1) D:5

Altars:
Ashenzari
Cheibriados
Dithmenos
Elyvilon
Fedhas
Gozag
Hepliaklqana
Kikubaaqudgha
Makhleb
Nemelex Xobeh
Okawaru
Qazlal
Ru
Sif Muna
Trog
Uskayaw
Vehumet
Wu Jian
Xom
Yredelemnul
Zin
The Shining One

Shops:
D:6 =


Innate Abilities, Weirdness & Mutations

Your experience applies equally to all skills.
You have very sharp teeth.
Your uncanny sense of smell can sniff out nearby items.


Message History

The orc warrior is heavily wounded.
Your skin is crawling a little less now.
Your spectral weapon hits the orc warrior but does no damage.
Lightning courses through the orc warrior!
The orc warrior completely misses you.
The orc warrior hits your spectral weapon with a +0 war axe!
Your spectral weapon shares its damage with you!
The goblin hits you but does no damage.
The orc warrior hits you with a +0 battleaxe!!
* * * LOW HITPOINT WARNING * * *
The orc warrior hits your spectral weapon with a +0 battleaxe!
Your spectral weapon shares its damage with you!
Your spectral weapon fades away.
* * * LOW HITPOINT WARNING * * *
It was a potion of brilliance.
You feel clever all of a sudden. The hobgoblin barely misses you.
The goblin closely misses you. The goblin hits you but does no damage.
The orc warrior misses you.
The orc warrior hits you with a +0 war axe!!
You die...

### # ###.### ###.
###.....### ###...
##.........###.....
#...........#).....
#...........'...)..
#g@g..⌠.....#..)).⌠
#.oo........#..))..
#ggog.......#......
##.o.......###.....
#o#.....### ###...
.go###.### ###. ∆
.... ### ∆## ∆∆
..... ∆∆# ∆ ......
∆∆#


You could see an orc knight, 3 orc warriors, 2 orcs, 2 hobgoblins and 4 goblins.

Vanquished Creatures
  Grinder (D:6)
  A hippogriff (D:7)
  Sigmund (D:3)
  Eustachio (D:4)
  Menkaure (D:6)
  Duvessa (D:6)
  2 orc warriors (Bailey)
  2 ice beasts
  A black bear (D:7)
  3 ogres
  A centaur (D:5)
  A big kobold (D:7)
  A bullfrog (D:6)
  Blork the orc (D:4)
  Dowan (D:6)
  3 scorpions
  2 bullfrog zombies (Ossuary)
  A crimson imp (D:5)
  A centaur zombie (Ossuary)
  A hound (D:4)
  2 orc priests (D:5)
  13 mummies (Ossuary)
  An iguana (D:5)
  6 orc wizards
  2 worker ants
  Natasha (thrice) (D:3)
  3 hound zombies (Ossuary)
  A howler monkey zombie (Ossuary)
  2 worker ant zombies (Ossuary)
  13 gnolls
  11 adders
  A shadow imp (D:6)
  4 adder zombies (Ossuary)
  4 worms
  2 dart slugs (D:3)
  3 leopard geckos
  25 orcs
  A ball python (D:2)
  9 bats
  3 giant cockroaches
  11 hobgoblins
  3 jackals (D:1)
  7 kobolds
  2 quokkas
  6 frilled lizards
  22 goblins
  A leopard gecko skeleton (D:5)
  2 leopard gecko zombies (Ossuary)
  10 rats
200 creatures vanquished.

Vanquished Creatures (others)
  6 spectral weapons
6 creatures vanquished.

Grand Total: 206 creatures vanquished

Notes
Turn   | Place    | Note
-------+----------+-------------------------------------------
     0 | D:1      | troglodite the Gnoll Skald began the quest for the Orb.
     0 | D:1      | Reached XP level 1. HP: 20/20 MP: 6/6
   173 | D:1      | Reached XP level 2. HP: 23/26 MP: 7/7
   577 | D:1      | Reached XP level 3. HP: 27/31 MP: 9/9
   582 | D:1      | Learned a level 3 spell: Spectral Weapon
   586 | D:1      | Learned a level 3 spell: Regeneration
   805 | D:2      | Reached skill level 5 in Spellcasting
  1181 | D:2      | Reached skill level 1 in Invocations
  1348 | D:2      | Reached skill level 1 in Short Blades
  1348 | D:2      | Reached skill level 1 in Long Blades
  1348 | D:2      | Reached skill level 1 in Axes
  1348 | D:2      | Reached skill level 1 in Maces & Flails
  1348 | D:2      | Reached skill level 1 in Staves
  1348 | D:2      | Reached skill level 1 in Slings
  1348 | D:2      | Reached skill level 1 in Bows
  1348 | D:2      | Reached skill level 1 in Crossbows
  1348 | D:2      | Reached skill level 1 in Throwing
  1348 | D:2      | Reached skill level 1 in Stealth
  1348 | D:2      | Reached skill level 1 in Shields
  1348 | D:2      | Reached skill level 1 in Unarmed Combat
  1348 | D:2      | Reached skill level 1 in Evocations
  1492 | D:2      | Found a faded altar of an unknown god.
  1503 | D:2      | Reached XP level 4. HP: 38/38 MP: 11/11
  1863 | D:3      | Noticed Natasha
  1869 | D:3      | Killed Natasha
  1959 | D:3      | Found a radiant altar of Vehumet.
  1968 | D:3      | Noticed Sigmund
  1998 | D:2      | Reached skill level 1 in Conjurations
  1998 | D:2      | Reached skill level 1 in Hexes
  1998 | D:2      | Reached skill level 1 in Summonings
  1998 | D:2      | Reached skill level 1 in Necromancy
  1998 | D:2      | Reached skill level 1 in Translocations
  1998 | D:2      | Reached skill level 1 in Transmutations
  1998 | D:2      | Reached skill level 1 in Fire Magic
  1998 | D:2      | Reached skill level 1 in Ice Magic
  1998 | D:2      | Reached skill level 1 in Air Magic
  1998 | D:2      | Reached skill level 1 in Earth Magic
  1998 | D:2      | Reached skill level 1 in Poison Magic
  2283 | D:3      | Noticed Natasha
  2297 | D:3      | Killed Natasha
  2297 | D:3      | Reached XP level 5. HP: 19/43 MP: 9/12
  2535 | D:3      | Noticed Natasha
  2546 | D:3      | Killed Natasha
  2987 | D:3      | Killed Sigmund
  2987 | D:3      | Reached skill level 5 in Fighting
  2987 | D:3      | Reached skill level 5 in Polearms
  2987 | D:3      | Reached skill level 5 in Dodging
  2987 | D:3      | Reached XP level 6. HP: 31/51 MP: 12/14
  3125 | D:3      | Found a burning altar of Makhleb.
  3125 | D:3      | Found a bloodstained altar of Trog.
  3126 | D:3      | Found a stormy altar of Qazlal.
  3205 | D:4      | Got a steaming leather armour
  3216 | D:4      | Identified the +1 leather armour of Feasting {Dex+4} (You
                  | found it on level 4 of the Dungeon)
  3301 | D:4      | Noticed Eustachio
  4239 | D:4      | Noticed Blork the orc
  4248 | D:4      | Killed Blork the orc
  4248 | D:4      | Reached XP level 7. HP: 56/56 MP: 9/15
  4484 | D:4      | Killed Eustachio
  5216 | D:5      | Entered Level 5 of the Dungeon
  5525 | D:5      | Found a staircase to the Ecumenical Temple.
  5541 | D:5      | Got a polished ring mail
  5554 | D:5      | Reached XP level 8. HP: 47/63 MP: 7/16
  5574 | Temple   | Entered the Ecumenical Temple
  5606 | Temple   | Became a worshipper of Ashenzari the Shackled
  5634 | Temple   | Identified the +7 ring mail "Huiffuir" {rC++ rCorr Int+6}
                  | (You found it on level 5 of the Dungeon)
  6004 | D:5      | Reached skill level 6 in Spellcasting
  6469 | D:6      | Noticed Grinder
  6480 | D:6      | Killed Grinder
  6536 | D:6      | Noticed Duvessa
  6538 | D:6      | Noticed Dowan
  6546 | D:6      | Killed Duvessa
  6547 | D:6      | Killed Dowan
  6554 | D:6      | Reached XP level 9. HP: 65/69 MP: 16/18
  6721 | D:6      | Noticed Menkaure
  6728 | D:6      | Killed Menkaure
  7013 | D:6      | Found Ecoum's Jewellery Shop.
  7182 | D:7      | Found a sand-covered staircase.
  7187 | Ossuary  | Entered an ossuary
  7245 | Ossuary  | Reached skill level 5 in Armour
  7638 | D:7      | Found a flagged portal.
  7641 | D:7      | Reached skill level 5 in Invocations
  7670 | Bailey   | Entered a bailey
  7772 | Bailey   | Reached XP level 10. HP: 38/77 MP: 13/20
  7895 | Bailey   | Noticed an orc knight
  7895 | Bailey   | Reached skill level 7 in Spellcasting
  7902 | Bailey   | Slain by an orc warrior

Skill      XL: |  1  2  3  4  5  6  7  8  9 10 |
---------------+-------------------------------+-----
Spellcasting   | 5 6 7 |  7.0
Invocations    | 1 2 3 4 5 |  5.2
Short Blades   | 1 2 3 4 |  4.7
Long Blades    | 1 2 3 4 |  4.7
Axes           | 1 2 3 4 |  4.7
Maces & Flails | 1 2 3 4 |  4.7
Staves         | 1 2 3 4 |  4.7
Slings         | 1 2 3 4 |  4.7
Bows           | 1 2 3 4 |  4.7
Crossbows      | 1 2 3 4 |  4.7
Throwing       | 1 2 3 4 |  4.7
Stealth        | 1 2 3 4 |  4.7
Shields        | 1 2 3 4 |  4.7
Unarmed Combat | 1 2 3 4 |  4.7
Evocations     | 1 2 3 4 |  4.7
Conjurations   | 1 2 3 |  3.9
Hexes          | 1 2 3 |  3.9
Summonings     | 1 2 3 |  3.9
Necromancy     | 1 2 3 |  3.9
Translocations | 1 2 3 |  3.9
Transmutations | 1 2 3 |  3.9
Fire Magic     | 1 2 3 |  3.9
Ice Magic      | 1 2 3 |  3.9
Air Magic      | 1 2 3 |  3.9
Earth Magic    | 1 2 3 |  3.9
Poison Magic   | 1 2 3 |  3.9
Armour         | 3 4 5 |  5.4
Fighting       | 5 6 |  6.7
Polearms       | 5 6 |  6.7
Dodging        | 5 6 |  6.7
Charms         | 6 |  6.8

Action                   |  1- 3 |  4- 6 |  7- 9 | 10-12 || total
-------------------------+-------+-------+-------+-------++-------
Melee: Dagger            |   134 |   123 |   389 |    21 ||   667
       Spear             |     9 |       |       |       ||     9
       Bite              |    17 |    13 |    45 |     2 ||    77
       Punch             |       |     2 |    10 |       ||    12
 Cast: Spectral Weapon   |     1 |     7 |    20 |     2 ||    30
       Regeneration      |       |     1 |     5 |     2 ||     8
Invok: Curse Item        |       |       |     2 |       ||     2
  Use: Potion            |       |       |     1 |     1 ||     2
 Stab: Sleeping          |     1 |     2 |       |       ||     3
       Distracted        |       |       |     4 |     1 ||     5
  Eat: Chunk             |     2 |     6 |    10 |       ||    18
       Ration            |       |     1 |     1 |       ||     2
Armor: Leather armour    |    38 |    12 |       |       ||    50
       Ring mail         |       |     9 |    93 |    16 ||   118
       Scale mail        |       |    35 |    23 |       ||    58
Dodge: Dodged            |   103 |   110 |   218 |    22 ||   453
